 Dungeon Crawl Stone Soup version 0.26-a0-651-gb41185065b (webtiles) character file.

Game seed: 3889776985493395853

217723 Flugslaktarn the Severer (level 17, -1/172 HPs)
             Began as a Deep Dwarf Fighter on Oct 1, 2020.
             Was a High Priest of Makhleb.
             Killed from afar by a storm dragon (46 damage)
             ... with a bolt of lightning
             ... on level 1 of the Depths.
             The game lasted 00:17:12 (18643 turns).

Flugslaktarn the Severer (Deep Dwarf Fighter)      Turns: 18643, Time: 00:17:12

Health: -1/172     AC: 25    Str: 24    XL:     17   Next: 95%
Magic:  14/14 (4)  EV: 10    Int: 18    God:    Makhleb [*****.]
Gold:   908        SH: 25    Dex: 13    Spells: 16/16 levels left

rFire    + . .     SeeInvis +   a - +1 war axe (elec)
rCold    . . .     Faith    .   p - +0 tower shield
rNeg     + + .     Spirit   .   H - +0 plate armour
rPois    +         Reflect  +   d - +3 hat of Pondering {ponderous, MR+ MP+10 Int+5}
rElec    .         Harm     .   j - +1 cloak
rCorr    .         Rampage  .   (no gloves)
MR       +++..                  e - +2 pair of boots
Stlth    ..........             C - amulet of Ixkiak {Reflect rN+ SH+5 SInv}
HPRegen  0.00/turn              o - ring of poison resistance
MPRegen  0.14/turn              u - ring of Zin's Condemnation {rF+ Int+2}

@: non-regenerating, slow
A: damage resistance, heal wounds, horns 1, blurry vision 1, negative energy
resistance 1, sense surroundings 2, subdued magic 1, MP-powered wands, no
regeneration
}: 2/15 runes: decaying, serpentine
a: Heal Wounds, Minor Destruction, Lesser Servant of Makhleb, Major Destruction,
Greater Servant of Makhleb, Renounce Religion


You were on level 1 of the Depths.
You worshipped Makhleb.
Makhleb was extremely pleased with you.
You visited 6 branches of the dungeon, and saw 31 of its levels.
You also visited: Gauntlet and Volcano.

You collected 1900 gold pieces.
You spent 992 gold pieces at shops.

Inventory:

Hand Weapons
 a - a +1 war axe of electrocution (weapon)
Missiles
 v - 3 throwing nets (quivered)
Armour
 c - a +0 kite shield
 d - the +3 hat of Pondering (worn) {ponderous, MR+ MP+10 Int+5}
   (You took it off Gastronok on level 1 of the Lair of Beasts)

   It affects your intelligence (+5).
   It affects your resistance to hostile enchantments.
   It affects your magic capacity (+10).
 e - a +2 pair of boots (worn)
   (You found it on level 7 of the Dungeon)
 j - a +1 cloak (worn)
   (You found it on level 6 of the Dungeon)
 p - a +0 tower shield (worn)
   (You found it on level 8 of the Dungeon)
 B - a +0 chain mail
   (You found it on level 4 of the Dungeon)
 H - a +0 plate armour (worn)
   (You took it off an orc warrior on level 7 of the Dungeon)
 I - the +2 helmet "Qigg" {rElec rN+}
   (You found it on level 4 of the Lair of Beasts)

   It insulates you from electricity.
   It protects you from negative energy.
Jewellery
 f - an uncursed ring of protection from fire
   (You found it on level 4 of the Lair of Beasts)
 i - an uncursed ring of see invisible
   (You found it on level 15 of the Dungeon)
 o - a ring of poison resistance (left hand)
   (You found it on level 14 of the Dungeon)
 u - the ring of Zin's Condemnation (right hand) {rF+ Int+2}
   (You found it in a Gauntlet)

   [ring of protection from fire]

   It affects your intelligence (+2).
   It protects you from fire.
 C - the amulet of Ixkiak (around neck) {Reflect rN+ SH+5 SInv}
   (You bought it in a shop on level 10 of the Dungeon)

   [amulet of reflection]

   It shields you and reflects attacks.
   It protects you from negative energy.
   It lets you see invisible.
   It affects your SH (+5).
 F - the brooch of Shielding {Spirit SH+8}
   (You found it in a volcano)

   [amulet of guardian spirit]

   It causes incoming damage to be split between your health and magic.
   It affects your SH (+8).
Wands
 E - a wand of iceblast (7)
   (You found it on level 3 of the Lair of Beasts)
 J - a wand of paralysis (7)
   (You found it on level 4 of the Lair of Beasts)
 L - a wand of digging (4)
   (You found it on level 2 of the Snake Pit)
Scrolls
 h - a scroll of enchant weapon
 l - 5 scrolls of fear
 r - 8 scrolls of identify
 s - a scroll of immolation
 t - 13 scrolls of teleportation
 x - 10 scrolls of remove curse
 y - a scroll of silence
 z - 2 scrolls of blinking
 G - a scroll of fog
 M - a scroll of magic mapping
Potions
 b - a potion of berserk rage {unknown}
 g - 4 potions of lignification
 k - a potion of ambrosia
 n - 3 potions of resistance
 q - 10 potions of curing
 w - 6 potions of heal wounds
 D - 2 potions of flight


   Skills:
 * Level 15.9 Fighting
 - Level 16.0 Axes
 + Level 13.8 Armour
 + Level 9.1 Dodging
 + Level 13.8 Shields
 - Level 15.0 Invocations


You had 16 spell levels left.
You didn't know any spells.
Your spell library was empty.

Dungeon Overview and Level Annotations

Branches:
Dungeon (15/15)            Temple (1/1) D:4            Lair (6/6) D:10
  Swamp (4/4) Lair:2        Snake (4/4) Lair:3          Orc (0/2) D:10
 Vaults (0/5) D:14         Depths (1/5) D:15        Volcano (visited)
Gauntlet (visited)
  Slime: Lair:5-6

Altars:
Ashenzari
Cheibriados
Dithmenos
Elyvilon
Fedhas
Gozag
Hepliaklqana
Kikubaaqudgha
Makhleb
Nemelex Xobeh
Okawaru
Qazlal
Ru
Sif Muna
Trog
Uskayaw
Vehumet
Wu Jian
Xom
Yredelemnul
Zin
The Shining One

Shops:
D:10 =   D:11 ?   D:14 *   Snake:2 :   Snake:4 =

Portals:
Hell: Depths:1

Annotations:
D:10 1 runed translucent door, PanSaczeczos's ghost, journeyman DrTm
D:11 1 runed translucent door, nicanaca0's ghost, journeyman MiBe


Innate Abilities, Weirdness & Mutations

You are resistant to damage.
You can heal yourself by infusing magical energy.
You resist negative energy. (rN+)
You passively map the area around you.
You do not regenerate.
You have a pair of small horns on your head.
Scrolls take you a little longer to read.
Your spells are a little easier to cast, but a little less powerful.
You expend magic power (3 MP) to strengthen your wands.


Message History

The storm dragon breathes lightning at you.
The bolt of lightning hits you!!
You are too injured to fight recklessly!
You are too injured to fight recklessly!
You are too injured to fight recklessly!
You are too injured to fight recklessly!
You are too injured to fight recklessly!
The ice dragon breathes frost at you. The blast of cold hits you!!
* * * LOW HITPOINT WARNING * * *
A demon appears!
It doesn't seem very happy.
The ice dragon bites you but does no damage.
The ice dragon barely misses you. The ice dragon completely misses you.
You feel much better.
The storm dragon breathes lightning at you.
The bolt of lightning hits you!
* * * LOW HITPOINT WARNING * * *
The bolt of lightning hits you!!!
You die...

...##.#.....###.....
. #......##..## ..,
* .##. ...#......#
,, , ...###.#......#
,^ #.#..[...##....#
*, #.#...#.....##.#
, #..##.#........# ,
, #......##..##..#
** *
##.#.D@...#*.....,,
,, #### #..#2.D####
.####* ....##...##.#
.# * , ........D...#
*# * #......##.## *
* *, ####.}.##.# ,
,, * ##..##.# , ,,
** ##D.#.. + , ,, **
** ##.#.# ,, , , *


You could see a storm dragon (catching breath), an ice dragon and a green death
(summoned).

Vanquished Creatures
  Vashnia (Snake:2)
  Jorgrun (Snake:3)
  Gastronok (Lair:1)
  A thorn hunter (Swamp:2)
  Agnes (Snake:2)
  8 nagarajas
  Aizul (Snake:1)
  5 very ugly things (Depths:1)
  A dire elephant (D:15)
  A minotaur (Gauntlet)
  A fire dragon (Depths:1)
  A great orb of eyes (D:15)
  Harold (D:7)
  A vault guard (D:14)
  13 hydras
  12 naga warriors
  A catoblepas (Lair:6)
  4 centaur warriors
  3 shambling mangroves
  An anaconda (Snake:3)
  An ogre mage (D:10)
  9 two-headed ogres
  Urug (D:11)
  3 tengu warriors
  12 alligators
  A thrashing horror (Gauntlet)
  11 naga sharpshooters
  2 shock serpents (Snake:4)
  5 spriggans
  3 salamander mystics
  4 sixfirhies (Gauntlet)
  A spriggan druid (Swamp:4)
  2 skeletal warriors (Volcano)
  2 wizards (D:14)
  An unseen horror (D:14)
  9 swamp dragons
  An anaconda skeleton (Volcano)
  5 naga ritualists
  2 mana vipers
  A wolf spider (D:15)
  An oklob plant (Snake:2)
  8 ugly things
  9 salamanders
  2 deep elf magi
  9 cyclopes
  2 guardian serpents
  Maurice (D:11)
  21 black mambas
  20 naga magi
  A torpor snail (Lair:4)
  4 komodo dragons
  5 gargoyles
  2 rime drakes
  5 cane toads
  A kobold demonologist (D:14)
  2 yaktaurs
  A tengu conjurer (Depths:1)
  2 polar bears
  2 polar bears (shapeshifter)
  15 hornets
  A troll (D:13)
  A raiju (Lair:6)
  10 blink frogs
  4 bog bodies
  7 tyrant leeches
  4 hippogriffs
  11 slime creatures
  4 dream sheep (Lair:6)
  3 flying skulls (Volcano)
  2 alligator skeletons (Volcano)
  2 shadows
  A centaur simulacrum (D:15)
  2 wyverns
  A tarantella (shapeshifter) (Depths:1)
  23 yaks
  3 wraiths
  A hog (shapeshifter) (D:14)
  17 vampire mosquitoes
  A warg (Lair:6)
  24 nagas
  9 swamp worms
  A soldier ant (D:11)
  An acid dragon (D:14)
  9 water moccasins
  7 porcupines
  Duvessa (D:7)
  2 small abominations (Gauntlet)
  3 orc warriors
  2 swamp drakes
  A sky beast (D:9)
  3 phantoms
  12 ice beasts
  A boggart (D:9)
  20 ogres
  3 necrophages
  6 wolves
  11 centaurs
  3 crocodiles
  14 bullfrogs
  5 big kobolds
  Dowan (D:7)
  A wyvern skeleton (D:12)
  6 killer bees (D:7)
  6 scorpions
  A spriggan skeleton (Volcano)
  6 howler monkeys
  A bullfrog zombie (D:5)
  2 gnoll shamans
  5 centaur zombies
  9 hounds
  2 quasits
  7 centaur skeletons
  6 orc priests
  4 jellies
  7 orc wizards
  A bullfrog skeleton (D:12)
  Jessica (D:2)
  8 iguanas
  8 worker ants
  A hound zombie (D:8)
  A naga skeleton (Volcano)
  A hound skeleton (D:9)
  A worker ant zombie (D:7)
  Robin (D:4)
  5 gnolls (D:8)
  17 adders
  A shadow imp (D:8)
  3 white imps
  3 ufetubi
  An ooze (D:4)
  3 adder skeletons
  A dart slug (D:1)
  3 leopard geckos
  28 orcs
  3 bats
  3 giant cockroaches
  7 hobgoblins
  21 jackals
  2 quokkas
  2 ball pythons
  8 frilled lizards
  9 goblins
  A jackal skeleton (D:4)
  34 kobolds
  A leopard gecko skeleton (D:5)
  3 rats
  A spectral orc (D:8)
  4 briar patches (Swamp:2)
735 creatures vanquished.

Vanquished Creatures (collateral kills)
  A nagaraja (Snake:4)
  6 hydras
  2 naga sharpshooters (Snake:4)
  A swamp dragon (Swamp:4)
  2 naga ritualists (Snake:4)
  2 naga magi (Snake:4)
  3 black mambas
  A freezing wraith (D:15)
  6 blink frogs
  A hippogriff (Lair:6)
  2 wyverns
  A vampire mosquito (D:15)
  A naga (Snake:4)
  A water moccasin (Lair:6)
  A centaur (D:15)
  2 crocodiles
  A bullfrog (Lair:2)
34 creatures vanquished.

Vanquished Creatures (others)
  A nagaraja (Snake:4)
  A naga sharpshooter (Snake:2)
  A black mamba (Snake:1)
  A naga mage (Snake:4)
  10 fungi
  22 plants
  2 withered plants (D:11)
38 creatures vanquished.

Grand Total: 807 creatures vanquished

Notes
Turn   | Place    | Note
-------+----------+-------------------------------------------
     0 | D:1      | Flugslaktarn the Deep Dwarf Fighter began the quest for the
                  | Orb.
     0 | D:1      | Reached XP level 1. HP: 20/20 MP: 1/1
    81 | D:1      | Reached XP level 2. HP: 24/27 MP: 2/2
   179 | D:2      | Reached XP level 3. HP: 25/34 MP: 3/3
   256 | D:2      | Reached skill level 3 in Axes
   386 | D:2      | Noticed Jessica
   391 | D:2      | Killed Jessica
   391 | D:2      | Reached XP level 4. HP: 31/42 MP: 4/4
   507 | D:3      | Found a stormy altar of Qazlal.
   560 | D:4      | Found a staircase to the Ecumenical Temple.
   654 | Temple   | Entered the Ecumenical Temple
   897 | Temple   | Became a worshipper of Makhleb the Destroyer
   976 | D:4      | Reached XP level 5. HP: 39/49 MP: 4/4
   988 | D:4      | Noticed a necrophage
  1001 | D:4      | Killed a necrophage
  1001 | D:4      | Reached skill level 4 in Axes
  1001 | D:4      | Reached skill level 1 in Invocations
  1034 | D:4      | Reached XP level 6. HP: 26/55 MP: 6/6
  1335 | D:4      | Reached * piety under Makhleb
  1340 | D:4      | Noticed Robin
  1356 | D:4      | Killed Robin
  1707 | D:5      | Entered Level 5 of the Dungeon
  1724 | D:5      | Reached skill level 5 in Axes
  1731 | D:5      | Reached XP level 7. HP: 31/66 MP: 6/6
  2248 | D:6      | Reached skill level 5 in Fighting
  2272 | D:6      | Found an iron altar of Okawaru.
  2448 | D:6      | Reached ** piety under Makhleb
  2457 | D:6      | Reached skill level 5 in Shields
  2633 | D:6      | Reached skill level 5 in Armour
  3124 | D:6      | Reached skill level 6 in Axes
  3124 | D:6      | Reached XP level 8. HP: 63/74 MP: 7/7
  3473 | D:7      | Noticed Harold
  3514 | D:7      | Killed Harold
  3514 | D:7      | Reached skill level 7 in Axes
  3560 | D:7      | Reached skill level 5 in Invocations
  3573 | D:7      | Gained mutation: You passively map the area around you.
                  | [Deep Dwarf growth]
  3573 | D:7      | Reached XP level 9. HP: 30/84 MP: 7/7
  3659 | D:7      | Noticed Duvessa
  3662 | D:7      | Noticed Dowan
  3665 | D:7      | Killed Duvessa
  3674 | D:7      | Killed Dowan
  3678 | D:7      | Reached *** piety under Makhleb
  3680 | D:7      | Reached skill level 8 in Axes
  3831 | D:7      | Found a shimmering blue altar of Sif Muna.
  3874 | D:7      | You fall into a shaft and drop 1 floor!
  4337 | D:8      | Found a basalt altar of Yredelemnul.
  4494 | D:8      | Paralysed by a hornet for 2 turns
  4498 | D:8      | Reached **** piety under Makhleb
  4575 | D:8      | Reached XP level 10. HP: 82/94 MP: 8/8
  4865 | D:9      | Reached skill level 9 in Axes
  4973 | D:9      | Noticed a centaur warrior
  5036 | D:9      | Killed a centaur warrior
  5189 | D:9      | Noticed a two-headed ogre
  5200 | D:9      | Killed a two-headed ogre
  5200 | D:9      | Reached skill level 10 in Axes
  5957 | D:10     | Entered Level 10 of the Dungeon
  6041 | D:10     | Found a staircase to the Orcish Mines.
  6060 | D:10     | Reached ***** piety under Makhleb
  6127 | D:10     | Found a staircase to the Lair.
  6151 | D:10     | Reached XP level 11. HP: 99/104 MP: 9/11
  6180 | D:10     | Noticed a two-headed ogre
  6189 | D:10     | Killed a two-headed ogre
  6196 | D:10     | Noticed a two-headed ogre
  6206 | D:10     | Killed a two-headed ogre
  6217 | D:10     | Noticed a two-headed ogre
  6225 | D:10     | Noticed a two-headed ogre
  6232 | D:10     | Killed a two-headed ogre
  6246 | D:10     | Noticed a two-headed ogre
  6248 | D:10     | Killed a two-headed ogre
  6267 | D:10     | Killed a two-headed ogre
  6272 | D:10     | Reached skill level 11 in Axes
  6272 | D:10     | Noticed a two-headed ogre
  6283 | D:10     | Identified the +3 trident "Gaggar" {venom, rF- rC+++ MR++
                  | Str+4}
  6283 | D:10     | Noticed an ogre mage
  6292 | D:10     | Killed a two-headed ogre
  6320 | D:10     | Killed an ogre mage
  6408 | D:10     | Found a runed translucent door.
  6410 | D:10     | Noticed PanSaczeczos's ghost (journeyman DrTm)
  6411 | D:10     | Noticed a spriggan rider
  6413 | D:10     | Identified the cursed +1 trident "Hogag" {freeze, *Rage
                  | MP+9 Dex+2}
  6639 | D:10     | Found Funir's Jewellery Boutique.
  6839 | D:10     | Bought the amulet of Ixkiak {Reflect rN+ SH+5 SInv} for 635
                  | gold pieces
  6979 | D:11     | Found a runed translucent door.
  6979 | D:11     | Noticed nicanaca0's ghost (journeyman MiBe)
  7004 | D:11     | Noticed Urug
  7008 | D:11     | Reached skill level 10 in Fighting
  7036 | D:11     | Killed Urug
  7036 | D:11     | Reached XP level 12. HP: 107/116 MP: 9/9
  7057 | D:11     | Noticed Maurice
  7087 | D:11     | Paralysed by Maurice for 4 turns
  7092 | D:11     | Killed Maurice
  7166 | D:11     | Found Ocourox's Magic Scroll Shop.
  7520 | D:12     | Reached skill level 12 in Axes
  7610 | D:12     | Noticed a two-headed ogre
  7630 | D:12     | Killed a two-headed ogre
  7639 | D:12     | You fall into a shaft and drop 3 floors!
  7639 | D:15     | Entered Level 15 of the Dungeon
  7687 | D:14     | Noticed a centaur warrior
  7704 | D:14     | Killed a centaur warrior
  7704 | D:14     | Reached skill level 10 in Invocations
  7840 | D:12     | Reached ****** piety under Makhleb
  8812 | D:13     | Reached XP level 13. HP: 127/127 MP: 11/11
  8873 | D:14     | Reached skill level 13 in Axes
  8946 | D:14     | Found Diobbyw's Island Escapes.
  8975 | D:14     | Paralysed by a hornet for 2 turns
  8994 | D:14     | Reached skill level 10 in Shields
  9109 | D:14     | Reached skill level 10 in Armour
  9191 | D:14     | Found a gate to the Vaults.
  9648 | D:14     | Paralysed by a wizard for 3 turns
 10437 | D:15     | Found a staircase to the Depths.
 10437 | D:15     | Noticed a dire elephant
 10454 | D:15     | Paralysed by a great orb of eyes for 3 turns
 10513 | D:15     | Killed a dire elephant
 10737 | D:15     | Reached skill level 14 in Axes
 11133 | D:11     | Bought a scroll of brand weapon for 260 gold pieces
 11133 | D:11     | Bought a scroll of blinking for 97 gold pieces
 11192 | Lair:1   | Entered Level 1 of the Lair of Beasts
 11192 | Lair:1   | Noticed Gastronok
 11209 | Lair:1   | Killed Gastronok
 11248 | Lair:1   | You fall into a shaft and drop 1 floor!
 11289 | Lair:1   | Found a gate leading to a gauntlet.
 11298 | Gauntlet | Entered a Gauntlet
 11298 | Gauntlet | Found a transporter.
 11298 | Gauntlet | Found a transporter.
 11303 | Gauntlet | Found a transporter.
 11318 | Gauntlet | Found a transporter.
 11320 | Gauntlet | Found a large runed translucent door.
 11320 | Gauntlet | Found a large runed translucent door.
 11321 | Gauntlet | Found a large runed translucent door.
 11321 | Gauntlet | Found a large runed translucent door.
 11322 | Gauntlet | Found a runed translucent door.
 11322 | Gauntlet | Found a large runed translucent door.
 11322 | Gauntlet | Found a large runed translucent door.
 11322 | Gauntlet | Found a runed translucent door.
 11322 | Gauntlet | Found a large runed translucent door.
 11322 | Gauntlet | Found a large runed translucent door.
 11323 | Gauntlet | Found a large runed translucent door.
 11323 | Gauntlet | Found a large runed translucent door.
 11326 | Gauntlet | Found a large runed translucent door.
 11326 | Gauntlet | Found a large runed translucent door.
 11328 | Gauntlet | Found a large runed translucent door.
 11328 | Gauntlet | Found a large runed translucent door.
 11328 | Gauntlet | Found a large runed translucent door.
 11330 | Gauntlet | Found a runed translucent gate.
 11330 | Gauntlet | Found a runed translucent gate.
 11330 | Gauntlet | Found a runed translucent gate.
 11332 | Gauntlet | Found a transporter.
 11343 | Gauntlet | Found a large runed translucent door.
 11345 | Gauntlet | Found a transporter.
 11435 | Gauntlet | Found a transporter.
 11449 | Gauntlet | Found a transporter.
 11466 | Gauntlet | Identified the ring of Impatience {AC+4 Str+2 Slay+3 SInv}
 11469 | Gauntlet | Found a transporter.
 11476 | Gauntlet | Found a transporter.
 11568 | Gauntlet | Found a transporter.
 11578 | Gauntlet | Found a transporter.
 11588 | Gauntlet | Found a transporter.
 11588 | Gauntlet | Found a transporter.
 11590 | Gauntlet | Found a transporter.
 11590 | Gauntlet | Noticed a blizzard demon
 11600 | Gauntlet | Found a transporter.
 11665 | Gauntlet | Gained mutation: You resist negative energy. (rN+) [Deep
                  | Dwarf growth]
 11665 | Gauntlet | Reached XP level 14. HP: 122/139 MP: 10/10
 11708 | Gauntlet | Got a transparent ivory ring
 11710 | Gauntlet | Identified the ring of Zin's Condemnation {rF+ Int+2} (You
                  | found it in a Gauntlet)
 11790 | Gauntlet | Identified the cursed +1 rapier of Soxaur {freeze, rElec
                  | MR++ Int+4 Dex-3}
 11864 | Lair:2   | Found a dark tunnel.
 11875 | Volcano  | Entered a volcano
 12040 | Volcano  | Found the brooch of Shielding {Spirit SH+8}
 12220 | Lair:2   | Found a staircase to the Swamp.
 12261 | Lair:2   | Reached skill level 15 in Axes
 12261 | Lair:2   | Reached XP level 15. HP: 146/146 MP: 10/10
 12851 | Lair:3   | Found a staircase to the Snake Pit.
 12898 | Lair:3   | Reached skill level 1 in Dodging
 13719 | Lair:4   | You fall into a shaft and drop 2 floors!
 13719 | Lair:6   | Entered Level 6 of the Lair of Beasts
 13739 | Lair:6   | Reached skill level 16 in Axes
 14037 | Lair:4   | Got an encrusted helmet
 14048 | Lair:4   | Identified the +2 helmet "Qigg" {rElec rN+} (You found it
                  | on level 4 of the Lair of Beasts)
 14906 | Snake:1  | Entered Level 1 of the Snake Pit
 15034 | Snake:2  | Found Buvorum's Book Boutique.
 15051 | Snake:2  | Noticed Agnes
 15056 | Snake:2  | Noticed a nagaraja
 15074 | Snake:2  | Killed Agnes
 15083 | Snake:2  | Killed a nagaraja
 15087 | Snake:2  | Noticed Vashnia
 15130 | Snake:1  | Noticed Aizul
 15177 | Snake:1  | Killed Aizul
 15177 | Snake:1  | Reached XP level 16. HP: 66/157 MP: 8/8
 15265 | Snake:2  | Killed Vashnia
 15544 | Snake:3  | Reached skill level 5 in Dodging
 15778 | Snake:3  | Noticed Jorgrun
 15796 | Snake:3  | Killed Jorgrun
 15821 | Snake:4  | Entered Level 4 of the Snake Pit
 16132 | Snake:4  | Found Fodoxtee's Jewellery Emporium.
 16335 | Snake:4  | Noticed an Executioner
 16415 | Snake:4  | Reached XP level 17. HP: 143/168 MP: 8/8
 16425 | Snake:4  | Reached skill level 15 in Fighting
 16592 | Snake:4  | Got a serpentine rune of Zot
 16849 | Swamp:1  | Entered Level 1 of the Swamp
 17731 | Swamp:4  | Entered Level 4 of the Swamp
 17743 | Swamp:4  | Reached skill level 15 in Invocations
 17854 | Swamp:3  | HP: 6/171 [18-headed hydra (4)]
 18051 | Swamp:4  | Gained mutation: Armour fits poorly on your strangely
                  | shaped body. [a cacodemon]
 18056 | Swamp:4  | Gained mutation: Potions are less effective at restoring
                  | your health. [a cacodemon]
 18067 | Swamp:4  | Got a decaying rune of Zot
 18090 | Swamp:3  | Lost mutation: Potions are less effective at restoring your
                  | health. [potion of mutation]
 18090 | Swamp:3  | Lost mutation: Armour fits poorly on your strangely shaped
                  | body. [potion of mutation]
 18090 | Swamp:3  | Gained mutation: Your spells are a little easier to cast,
                  | but a little less powerful. [potion of mutation]
 18090 | Swamp:3  | Gained mutation: Scrolls take you a little longer to read.
                  | [potion of mutation]
 18090 | Swamp:3  | Gained mutation: You expend magic power (3 MP) to
                  | strengthen your wands. [potion of mutation]
 18090 | Swamp:3  | Gained mutation: You have a pair of small horns on your
                  | head. [potion of mutation]
 18399 | Depths:1 | Entered Level 1 of the Depths
 18569 | Depths:1 | Found a gateway to Hell.
 18643 | Depths:1 | Killed from afar by a storm dragon

Illustrated notes

Levels and vault maps discovered:
D:1:      dpeg_arrival_ternary, layout_rooms
D:2:      layout_basic, uniq_jessica
D:3:      layout_basic, moated_statue, nicolae_qazlal_general_emergency
D:4:      minmay_angry_zag, layout_basic, minmay_temple_entry_statues_fountains,
          grunt_decor_resistance, mrwooster_statue_mirror, uniq_robin
D:5:      layout_cave_pools
D:6:      layout_layer_cave, okawaru_trees_1
D:7:      layout_rooms, basic_altar, minmay_tree_intersection,
          lemuel_flamethrower_1, uniq_harold, uniq_duvessa
D:8:      layout_loops_cross, yredelemnul_forgotten_temple_becter
D:9:      layout_stronghold, minmay_bent
D:10:     lemuel_ogre_cave, layout_irregular_city, lair_entry_dummy,
          serial_shops, kennysheep_little_box, ebering_ghost_funeral_grove
D:11:     layout_cave_pools, gammafunk_ghost_grave, serial_shops, shop,
          st_stairs_13, uniq_maurice, uniq_urug
D:12:     layout_loops_ring
D:13:     layout_roguey
D:14:     layout_stronghold, david_vaults_5, nicolae_island_escapes
D:15:     hangedman_depths_entry_try_elsewhere_first, layout_irregular_city,
          serial_co_window_serial, co_window_paths_a, co_window_corner_a,
          co_window_paths_a, co_window_of_opportunity_a, co_window_corner_a,
          co_window_of_opportunity_a, co_window_paths_b, co_window_2corner,
          co_window_unsneaky_path_c, co_window_2corner, co_window_cross_3,
          co_window_paths_e, glass_columns_c, glass_columns_a, glass_columns_a
Temple:   nicolae_temple_the_god_donut
Lair:1:   layout_long_grid, gauntlet_entry_generic, uniq_gastronok, uniq_grum
Lair:2:   layout_hall_layers, minmay_swamp_entry_swarm,
          nicolae_volcano_entry_lava_flow
Lair:3:   layout_cave_pods, guppyfry_snake_entry_island
Lair:4:   layout_cave_pods, minmay_lindwurm_lava
Lair:5:   layout_roguey, portal_ice_cave_demonic_guard, gammafunk_lair_bear_cave
Lair:6:   hangedman_lair_caniforms_friends, layout_regular_city,
          guppyfry_lair_end_dragon, slime_altar_1, mumra_transporter_accident,
          minmay_stone_trees_small
Swamp:1:  layout_falls_marsh, evilmike_swamp_ruin_house_6, swamp_pool4,
          infiniplex_staircase_pool
Swamp:2:  layout_basic_swamp, evilmike_swamp_ruin_wall
Swamp:3:  layout_basic_swamp, hangedman_swamp_ruin_wall
Swamp:4:  swamp_alternative, layout_basic_swamp, swamp_pool1,
          grunt_lady_of_the_lake
Snake:1:  layout_grid_maze, uniq_aizul
Snake:2:  dpeg_oklob_gauntlet, layout_misc_corridors, serial_shops, shop,
          nicolae_snake_serpentine_hallways, uniq_roxanne, uniq_vashnia,
          uniq_agnes
Snake:3:  layout_onion_interference, uniq_jorgrun
Snake:4:  snake_pit, layout_rooms, serial_shops, shop, serial_curves,
          eino_curves_02, eino_curves_02
Depths:1: layout_gridlike, grunt_decor_mini_mirrors, hangedman_coc_ice_floe,
          abyss_entry, hangedman_decor_points, minmay_swirly_circle

Skill      XL: |  1  2  3  4  5  6  7  8  9 10 11 12 13 14 15 16 17 |
---------------+----------------------------------------------------+-----
Fighting       | 3 4 5 6 7 8 10 11 12 13 14 15 | 15.9
Axes           | 3 4 5 6 7 8 10 11 12 14 15 16 | 16.0
Armour         | 4 5 6 7 8 9 10 11 12 13 | 13.8
Shields        | 4 5 6 7 8 9 10 11 12 13 | 13.8
Invocations    | 1 2 3 5 6 8 9 10 11 12 13 14 15 | 15.0
Dodging        | 4 6 9 |  9.1

Action                   |  1- 3 |  4- 6 |  7- 9 | 10-12 | 13-15 | 16-18 || total
-------------------------+-------+-------+-------+-------+-------+-------++-------
Melee: War axe           |    80 |   158 |   386 |   971 |   966 |  1006 ||  3567
       Headbutt          |       |       |       |       |       |    30 ||    30
Invok: Lesser Servant of |       |       |       |       |    20 |     4 ||    24
       Greater Servant o |       |       |       |       |       |    10 ||    10
 Abil: Heal Wounds       |       |     5 |    18 |    17 |    34 |    36 ||   110
  Use: Scroll            |       |     2 |    14 |     3 |    11 |     6 ||    36
       Potion            |       |       |     2 |     3 |     6 |     5 ||    16
 Stab: Distracted        |       |       |       |       |     3 |     3 ||     6
       Sleeping          |       |       |       |       |     1 |       ||     1
       Invisible         |       |       |       |       |       |    17 ||    17
Armor: Scale mail        |    33 |    29 |       |       |       |       ||    62
       Chain mail        |       |    54 |    88 |       |       |       ||   142
       Plate armour      |       |       |   237 |   377 |   579 |   911 ||  2104
       Skin              |       |       |       |     6 |    89 |       ||    95
Dodge: Dodged            |    29 |    64 |    98 |    85 |   152 |   454 ||   882
Block: Kite shield       |    53 |   104 |   271 |       |       |       ||   428
       Tower shield      |       |       |    20 |   946 |  1322 |  1530 ||  3818
       Reflection        |       |       |       |    23 |    55 |    91 ||   169

Table legend: (Time is in decaauts)
 A = Elapsed time spent in this place.
 B = Non-inter-level travel time spent in this place.
 C = Inter-level travel time spent in this place.
 D = Time resting spent in this place.
 E = Time spent auto-exploring this place.
 F = Levels seen in this place.
 G = Mean time per level.
                   A        B        C        D        E       F      G
               +--------+--------+--------+--------+--------+-----+--------+
         Total |  18733 |  17245 |   1488 |    308 |  11087 |  33 |  567.7 |
       Dungeon |  11317 |  10423 |    894 |    168 |   7002 |  15 |  754.5 |
        Temple |    253 |    244 |      9 |      0 |    221 |   1 |  253.0 |
          Lair |   2981 |   2720 |    261 |      0 |   2060 |   6 |  496.8 |
         Swamp |   1363 |   1191 |    172 |     10 |    600 |   4 |  340.8 |
     Snake Pit |   1776 |   1627 |    149 |    130 |    646 |   4 |  444.0 |
        Depths |    236 |    236 |      0 |      0 |    120 |   1 |  236.0 |
       Volcano |    285 |    285 |      0 |      0 |    135 |   1 |  285.0 |
      Gauntlet |    519 |    519 |      0 |      0 |    302 |   1 |  519.0 |
               +--------+--------+--------+--------+--------+-----+--------+

Top non-repeatable levels by time:
    D:15: 1326 daAuts
     D:6: 1261 daAuts
     D:9: 1189 daAuts
    D:14: 1078 daAuts
    D:10: 1047 daAuts
     D:4: 959 daAuts
  Lair:4: 924 daAuts
  Lair:3: 907 daAuts
 Snake:4: 834 daAuts
     D:8: 807 daAuts
    D:12: 673 daAuts
    D:11: 667 daAuts
  Lair:2: 662 daAuts
    D:13: 605 daAuts
     D:7: 593 daAuts
